MWL
QUAD CITIES ANGELS @ BURLINGTON BEES
07/06/1982
 
TOP OF THE 1ST
Quad Cities Angels batting - Pitching for Burlington Bees : LHP Randall Boyce
Pitching: LHP Randall Boyce
Batting: RHB Mike Sharperson 0-0: Foul Ball, location: 2F
0-1: Ball
1-1: Ball
2-1: Ball
3-1: Foul Ball, location: 2F
3-2: Base on Balls
Batting: RHB Carlos Rios 0-0: Called Strike
0-1: Ball
1-1: Foul Ball, location: 2F
1-2: Strikes out looking
Batting: LHB Bob Helsom 0-0: Called Strike
Mike Sharperson steals 2nd base (no throw)
0-1: SINGLE (Groundball, P, EV 83.1 MPH) (infield hit)
Mike Sharperson to third
Batting: RHB Rolando Roomes 0-0: Fielders Choice at 2nd, 6-4 (Groundball, 6MD, EV 83.8 MPH)
Mike Sharperson scores
Batting: LHB Chuck Sandberg 0-0: Ball
1-0: Called Strike
1-1: Swinging Strike
1-2: Strikes out swinging
Top of the 1st over - 1 run, 1 hit, 0 errors, 1 left on base; Quad Cities 1 - Burlington 0
BOTTOM OF THE 1ST
Burlington Bees batting - Pitching for Quad Cities Angels : LHP Ernie Ramirez
Pitching: LHP Ernie Ramirez
Batting: RHB Kenneth Patterson 0-0: Foul Ball, location: 2F
0-1: Ball
1-1: Ball
2-1: Foul Ball, location: 2F
2-2: Ball
3-2: Ground out 4-3 (Groundball, 34, EV 95.6 MPH)
Batting: LHB Frank Hardy 0-0: Called Strike
0-1: Ball
1-1: Fly out, F2 (Popup, 5SF, EV 82.5 MPH)
Batting: LHB Herm Winningham 0-0: Ball
1-0: Ball
2-0: Foul Ball, location: 2F
2-1: Foul Ball, location: 2F
2-2: Foul Ball, location: 2F
2-2: Ball
3-2: Foul Ball, location: 2F
3-2: Foul Ball, location: 2F
3-2: Ground out 6-3 (Groundball, 6, EV 103.1 MPH)
Bottom of the 1st over - 0 runs, 0 hits, 0 errors, 0 left on base; Quad Cities 1 - Burlington 0
TOP OF THE 2ND
Quad Cities Angels batting - Pitching for Burlington Bees : LHP Randall Boyce
Batting: RHB Greg Griffin 0-0: Ball
1-0: Swinging Strike
1-1: Foul Ball, location: 2F
1-2: Foul Ball, location: 2F
1-2: Ball
2-2: Fly out, F4 (Popup, 34S, EV 71.3 MPH)
Batting: SHB Frank Diaz 0-0: Called Strike
0-1: Foul Ball, location: 2F
0-2: Foul Ball, location: 2F
0-2: Strikes out swinging
Batting: RHB Oscar Mejia 0-0: Foul Ball, location: 2F
0-1: Foul Ball, location: 2F
0-2: Ball
1-2: Ground out 5-3 (Groundball, 56, EV 98.8 MPH)
Top of the 2nd over - 0 runs, 0 hits, 0 errors, 0 left on base; Quad Cities 1 - Burlington 0
BOTTOM OF THE 2ND
Burlington Bees batting - Pitching for Quad Cities Angels : LHP Ernie Ramirez
Batting: LHB Brian Devalk 0-0: Called Strike
0-1: Swinging Strike
0-2: SOLO HOME RUN (Flyball, 89XD, EV 104.4 MPH), Distance : 400 ft
Batting: RHB Bob Hicks 0-0: Ball
1-0: Fly out, F4 (Flyball, 3D, EV 75.0 MPH)
Batting: RHB Mike Quade 0-0: SOLO HOME RUN (Flyball, 7LD, EV 98.8 MPH), Distance : 356 ft
Batting: RHB Mike Morse 0-0: Ball
1-0: Foul Ball, location: 2F
1-1: Swinging Strike
1-2: Ball
2-2: Ball
3-2: Fly out, F8 (Line Drive, 8LD, EV 96.3 MPH)
Batting: RHB Kevin MacDonald 0-0: Ball
1-0: Called Strike
1-1: Swinging Strike
1-2: Ball
2-2: Fly out, F6 (Line Drive, 6, EV 69.4 MPH)
Bottom of the 2nd over - 2 runs, 2 hits, 0 errors, 0 left on base; Quad Cities 1 - Burlington 2
TOP OF THE 3RD
Quad Cities Angels batting - Pitching for Burlington Bees : LHP Randall Boyce
Batting: RHB Bruce Benedict 0-0: Called Strike
0-1: Ground out 4-3 (Groundball, 4, EV 105.0 MPH)
Batting: RHB Mike Sharperson 0-0: Fly out, F7 (Flyball, 78S, EV 81.3 MPH)
Batting: RHB Carlos Rios 0-0: SOLO HOME RUN (Line Drive, 7D, EV 98.8 MPH), Distance : 372 ft
Batting: LHB Bob Helsom 0-0: SINGLE (Line Drive, 34, EV 97.5 MPH)
Batting: RHB Rolando Roomes 0-0: Ball
1-0: 2-RUN HOME RUN (Flyball, 7LD, EV 98.8 MPH), Distance : 370 ft
Batting: LHB Chuck Sandberg 0-0: Foul Ball, location: 2F
0-1: Foul Ball, location: 2F
0-2: Foul Ball, location: 2F
0-2: Ball
1-2: Ground out 4-3 (Groundball, 4, EV 83.1 MPH)
Top of the 3rd over - 3 runs, 3 hits, 0 errors, 0 left on base; Quad Cities 4 - Burlington 2
BOTTOM OF THE 3RD
Burlington Bees batting - Pitching for Quad Cities Angels : LHP Ernie Ramirez
Batting: RHB Nick Hernandez 0-0: Called Strike
0-1: SINGLE (Line Drive, 3D, EV 100.6 MPH)
Batting: RHB Kenneth Patterson 0-0: Ball
1-0: Ball
2-0: Swinging Strike
2-1: Fielders Choice at 2nd, 6-4 (Groundball, 56, EV 80.0 MPH)
Batting: LHB Frank Hardy 0-0: Ball
1-0: Called Strike
1-1: Ball
2-1: SINGLE (Line Drive, 8LS, EV 96.3 MPH)
Kenneth Patterson to second
Runner from 2nd tries for 3rd, OUT! 8-5
Batting: LHB Herm Winningham 0-0: Called Strike
0-1: Swinging Strike
0-2: Ball
1-2: Foul Ball, location: 2F
1-2: Ball
2-2: Ball
3-2: SINGLE (Groundball, 6MD, EV 95.6 MPH)
Frank Hardy to second
Frank Hardy to third
Batting: LHB Brian Devalk 0-0: Reached on error, E5 (Groundball, 56, EV 83.1 MPH)
Frank Hardy scores
Herm Winningham to second
Batting: RHB Bob Hicks 0-0: Ground out 5-3 (Groundball, 56S, EV 89.4 MPH)
Bottom of the 3rd over - 1 run, 3 hits, 1 error, 2 left on base; Quad Cities 4 - Burlington 3
TOP OF THE 4TH
Quad Cities Angels batting - Pitching for Burlington Bees : LHP Randall Boyce
Batting: RHB Greg Griffin 0-0: SINGLE (Line Drive, 9S, EV 108.8 MPH)
Batting: SHB Frank Diaz 0-0: Ball
1-0: Foul Ball, location: 2F
1-1: Swinging Strike
1-2: Foul Ball, location: 2F
1-2: Strikes out swinging
Batting: RHB Oscar Mejia 0-0: Ball
1-0: Called Strike
1-1: Swinging Strike
1-2: Foul Ball, location: 2F
1-2: Foul Ball, location: 2F
1-2: Fielders Choice at 2nd, 3-6 (Groundball, 3, EV 78.8 MPH)
Batting: RHB Bruce Benedict 0-0: Foul Ball, location: 2F
0-1: SINGLE (Groundball, 4MS, EV 65.0 MPH) (infield hit)
Oscar Mejia to second
Batting: RHB Mike Sharperson 0-0: Called Strike
0-1: Called Strike
0-2: Ball
1-2: Fielders Choice at 2nd, 6-4 (Groundball, 6, EV 90.6 MPH)
Top of the 4th over - 0 runs, 2 hits, 0 errors, 2 left on base; Quad Cities 4 - Burlington 3
BOTTOM OF THE 4TH
Burlington Bees batting - Pitching for Quad Cities Angels : LHP Ernie Ramirez
Batting: RHB Mike Quade 0-0: Ball
1-0: Foul Ball, location: 2F
1-1: Foul Ball, location: 2F
1-2: SINGLE (Line Drive, 9S, EV 104.4 MPH)
Batting: RHB Mike Morse 0-0: Ball
1-0: Ball
2-0: Called Strike
2-1: Ball
3-1: Called Strike
3-2: Foul Ball, location: 2F
3-2: Ground out 5-3 (Groundball, 56, EV 82.5 MPH)
Mike Quade to second
Batting: RHB Kevin MacDonald 0-0: Ball
1-0: Foul Ball, location: 2F
1-1: Ball
2-1: Ball
3-1: Foul Ball, location: 2F
3-2: Foul Ball, location: 2F
3-2: Strikes out looking
Batting: RHB Nick Hernandez 0-0: Ball
1-0: Ball
2-0: Ball
3-0: Base on Balls
Batting: RHB Kenneth Patterson 0-0: Ball
1-0: Called Strike
1-1: Ball
2-1: Fly out, F9 (Line Drive, 9, EV 88.1 MPH)
Bottom of the 4th over - 0 runs, 1 hit, 0 errors, 2 left on base; Quad Cities 4 - Burlington 3
TOP OF THE 5TH
Quad Cities Angels batting - Pitching for Burlington Bees : LHP Randall Boyce
Batting: RHB Carlos Rios 0-0: Ball
1-0: Ground out U3 (Groundball, 34, EV 86.9 MPH)
Batting: LHB Bob Helsom 0-0: Called Strike
0-1: Ball
1-1: Foul Ball, location: 2F
1-2: Foul Ball, location: 2F
1-2: SINGLE (Line Drive, 8LS, EV 100.6 MPH)
Batting: RHB Rolando Roomes 0-0: Swinging Strike
0-1: Ball
1-1: Fly out, F6 (Popup, 6M, EV 53.1 MPH)
Batting: LHB Chuck Sandberg 0-0: Ball
1-0: Swinging Strike
1-1: Foul Ball, location: 2F
1-2: SINGLE (Line Drive, 7LS, EV 102.5 MPH)
Bob Helsom to second
Batting: RHB Greg Griffin 0-0: Ball
1-0: Ball
2-0: SINGLE (Line Drive, 6M, EV 96.3 MPH)
Bob Helsom to third
Chuck Sandberg to second
Runner from 3rd tries for Home, SAFE, throw by CF to home
Batting: SHB Frank Diaz 0-0: SINGLE (Line Drive, 56D, EV 93.8 MPH)
Chuck Sandberg to third
Greg Griffin to second
Runner from 3rd tries for Home, SAFE, throw by LF to home
Pitching: LHP Randall Binkley
Batting: RHB Oscar Mejia 0-0: Foul Ball, location: 2F
0-1: Ball
1-1: Swinging Strike
1-2: Strikes out swinging
Top of the 5th over - 2 runs, 4 hits, 0 errors, 2 left on base; Quad Cities 6 - Burlington 3
BOTTOM OF THE 5TH
Burlington Bees batting - Pitching for Quad Cities Angels : LHP Ernie Ramirez
Batting: LHB Frank Hardy 0-0: Ground out 4-3 (Groundball, 34, EV 89.4 MPH)
Batting: LHB Herm Winningham 0-0: SINGLE (Flyball, 3D, EV 90.0 MPH)
Batting: LHB Brian Devalk 0-0: TRIPLE (Flyball, 8RXD, EV 95.6 MPH)
Herm Winningham scores
Batting: RHB Bob Hicks 0-0: Called Strike
0-1: Ball
1-1: Ball
2-1: Fly out, F9 (Flyball, 89M, EV 86.9 MPH)
Runner from 3rd tags up, OUT at HOME! 9-2
Bottom of the 5th over - 1 run, 2 hits, 0 errors, 0 left on base; Quad Cities 6 - Burlington 4
TOP OF THE 6TH
Quad Cities Angels batting - Pitching for Burlington Bees : LHP Randall Binkley
Batting: RHB Bruce Benedict 0-0: Ball
1-0: Foul Ball, location: 2F
1-1: Called Strike
1-2: Foul Ball, location: 2F
1-2: Fly out, F9 (Flyball, 9LS, EV 82.5 MPH)
Batting: RHB Mike Sharperson 0-0: Called Strike
0-1: Ball
1-1: Ball
2-1: Ball
3-1: Fly out, F8 (Flyball, 8LM, EV 85.6 MPH)
Batting: RHB Carlos Rios 0-0: Swinging Strike
0-1: Ball
1-1: SINGLE (Groundball, 56D, EV 95.6 MPH)
Batting: LHB Bob Helsom 0-0: Ball
1-0: Called Strike
1-1: Ball
2-1: Swinging Strike
2-2: Fly out, F7 (Line Drive, 7, EV 97.5 MPH)
Top of the 6th over - 0 runs, 1 hit, 0 errors, 1 left on base; Quad Cities 6 - Burlington 4
BOTTOM OF THE 6TH
Burlington Bees batting - Pitching for Quad Cities Angels : LHP Ernie Ramirez
Batting: RHB Mike Quade 0-0: Called Strike
0-1: Ball
1-1: Ground out 5-3 (Groundball, 56S, EV 66.3 MPH)
Batting: RHB Mike Morse 0-0: Fly out, F3 (Popup, 3S, EV 71.3 MPH)
Batting: RHB Kevin MacDonald 0-0: Foul Ball, location: 2F
0-1: Called Strike
0-2: Foul Ball, location: 2F
0-2: Ball
1-2: Ball
2-2: Foul Ball, location: 2F
2-2: Ball
3-2: Fly out, F1 (Line Drive, P, EV 73.1 MPH)
Bottom of the 6th over - 0 runs, 0 hits, 0 errors, 0 left on base; Quad Cities 6 - Burlington 4
TOP OF THE 7TH
Quad Cities Angels batting - Pitching for Burlington Bees : LHP Randall Binkley
Batting: RHB Rolando Roomes 0-0: SINGLE (Groundball, 13S, EV 68.1 MPH) (infield hit)
Batting: LHB Chuck Sandberg 0-0: Called Strike
0-1: Ball
1-1: Ball
2-1: Called Strike
2-2: Foul Ball, location: 2F
2-2: Foul Ball, location: 2F
2-2: Foul Ball, location: 2F
2-2: Foul Ball, location: 2F
2-2: Foul Ball, location: 2F
2-2: Foul Ball, location: 2F
2-2: Foul Ball, location: 2F
2-2: Ball
3-2: Base on Balls
Rolando Roomes to second
Batting: RHB Greg Griffin 0-0: Foul Ball, location: 2F
0-1: Ball
1-1: Called Strike
1-2: Foul Ball, location: 2F
1-2: Ball
2-2: Ball
3-2: Fielders Choice at 2nd, U6 (Groundball, 4M, EV 87.5 MPH)
Rolando Roomes to third
Batting: SHB Frank Diaz 0-0: Ball
1-0: Called Strike
1-1: Foul Ball, location: 2F
1-2: Foul Ball, location: 2F
1-2: Ball
2-2: Strikes out swinging
Batting: RHB Oscar Mejia 0-0: Called Strike
0-1: Called Strike
0-2: Fly out, F9 (Line Drive, 9, EV 88.1 MPH)
Top of the 7th over - 0 runs, 1 hit, 0 errors, 2 left on base; Quad Cities 6 - Burlington 4
BOTTOM OF THE 7TH
Burlington Bees batting - Pitching for Quad Cities Angels : LHP Ernie Ramirez
Batting: RHB Nick Hernandez 0-0: Ball
1-0: Ground out 6-3 (Groundball, 6MD, EV 99.4 MPH)
Batting: RHB Kenneth Patterson 0-0: Called Strike
0-1: DOUBLE (Groundball, 5L, EV 106.9 MPH)
Batting: LHB Frank Hardy 0-0: Called Strike
0-1: Ball
1-1: Ball
2-1: Ball
3-1: Called Strike
3-2: SINGLE (Line Drive, 7LS, EV 93.1 MPH)
Kenneth Patterson to third
Runner from 3rd tries for Home, SAFE, throw by LF to home
Batting: LHB Herm Winningham 0-0: Ball
1-0: Called Strike
1-1: Foul Ball, location: 2F
1-2: Foul Ball, location: 2F
1-2: Foul Ball, location: 2F
1-2: Ball
2-2: Foul Ball, location: 2F
2-2: Ball
3-2: Fly out, F8 (Flyball, 8RM, EV 86.3 MPH)
Batting: LHB Brian Devalk 0-0: Called Strike
0-1: SINGLE (Line Drive, 78S, EV 90.6 MPH)
Frank Hardy to second
Runner from 2nd tries for 3rd, OUT! 8-5
Bottom of the 7th over - 1 run, 3 hits, 0 errors, 1 left on base; Quad Cities 6 - Burlington 5
TOP OF THE 8TH
Quad Cities Angels batting - Pitching for Burlington Bees : LHP Randall Binkley
Batting: RHB Bruce Benedict 0-0: Ground out 4-3 (Groundball, 4, EV 85.0 MPH)
Batting: RHB Mike Sharperson 0-0: Called Strike
0-1: Ball
1-1: Swinging Strike
1-2: Fly out, F7 (Flyball, 78S, EV 83.1 MPH)
Batting: RHB Carlos Rios 0-0: Ball
1-0: Fly out, F8 (Flyball, 8LM, EV 83.8 MPH)
Top of the 8th over - 0 runs, 0 hits, 0 errors, 0 left on base; Quad Cities 6 - Burlington 5
BOTTOM OF THE 8TH
Burlington Bees batting - Pitching for Quad Cities Angels : LHP Ernie Ramirez
Pitching: RHP Gary Granke
Batting: RHB Bob Hicks 0-0: Called Strike
0-1: Ball
1-1: Ball
2-1: SINGLE (Line Drive, 78D, EV 102.5 MPH)
Batting: RHB Mike Quade 0-0: Bunt missed!
0-1: Sac Bunt to 13S - play at first, batter OUT! 1-4
Bob Hicks to second
Pinch Hitting: LHB Keith Hagman 0-0: Called Strike
0-1: Ball
1-1: Ground out U3 (Groundball, 3, EV 88.8 MPH)
Bob Hicks to third
Pinch Hitting: SHB Horace Ransom 0-0: Foul Ball, location: 2F
0-1: Ball
1-1: Ball
2-1: Ball
3-1: Base on Balls
Batting: RHB Nick Hernandez 0-0: Foul Ball, location: 2F
0-1: Swinging Strike
0-2: Foul Ball, location: 2F
0-2: Foul Ball, location: 2F
0-2: Ball
1-2: Ground out 3-1 (Groundball, 34S, EV 78.8 MPH)
Bottom of the 8th over - 0 runs, 1 hit, 0 errors, 2 left on base; Quad Cities 6 - Burlington 5
TOP OF THE 9TH
Quad Cities Angels batting - Pitching for Burlington Bees : LHP Randall Binkley
Pitching: RHP Roland Dickerson
Now at 3B: Horace Ransom
Now at SS: Ronald Adkins
Batting: LHB Bob Helsom 0-0: Ball
1-0: Called Strike
1-1: Ground out 5-3 (Groundball, 5S, EV 80.6 MPH)
Batting: RHB Rolando Roomes 0-0: Swinging Strike
0-1: DOUBLE (Line Drive, 8LXD, EV 100.0 MPH)
Batting: LHB Chuck Sandberg 0-0: Intentional Walk
Batting: RHB Greg Griffin 0-0: Called Strike
0-1: Ball
1-1: Swinging Strike
1-2: Strikes out swinging
Batting: SHB Frank Diaz 0-0: Called Strike
0-1: Foul Ball, location: 2F
0-2: Foul Ball, location: 2F
0-2: Ball
1-2: Ball
2-2: Ground out 4-3 (Groundball, 4M, EV 98.1 MPH)
Top of the 9th over - 0 runs, 1 hit, 0 errors, 2 left on base; Quad Cities 6 - Burlington 5
BOTTOM OF THE 9TH
Burlington Bees batting - Pitching for Quad Cities Angels : RHP Gary Granke
Pitching: RHP Charles Belk
Now in LF: Brian Butera
Batting: RHB Kenneth Patterson 0-0: Called Strike
0-1: Foul Ball, location: 2F
0-2: Foul Ball, location: 2F
0-2: Ball
1-2: Foul Ball, location: 2F
1-2: Ball
2-2: Foul Ball, location: 2F
2-2: Ground out 3-1 (Groundball, 23, EV 86.9 MPH)
Batting: LHB Frank Hardy 0-0: Ball
1-0: Called Strike
1-1: Fly out, F5 (Popup, 25, EV 88.1 MPH)
Batting: LHB Herm Winningham 0-0: Called Strike
0-1: SINGLE (Line Drive, 78D, EV 102.5 MPH)
Batting: LHB Brian Devalk 0-0: Ball
1-0: Ball
2-0: Fielders Choice at 2nd, 5-4 (Groundball, 5L, EV 104.4 MPH)
Bottom of the 9th over - 0 runs, 1 hit, 0 errors, 1 left on base; Quad Cities 6 - Burlington 5
Thursday, August 13th, 2020 - OOTP Baseball 21.5 Build 76